 Dungeon Crawl Stone Soup version 0.27-a0-295-ge1136d6ca4 (webtiles) character file.

Game seed: 8417133786557560802

1355 Baz the Gusty (level 8, 0/40 HPs)
             Began as a Vine Stalker Air Elementalist on Feb 10, 2021.
             Was an Initiate of Gozag.
             Slain by Maggie
             ... wielding a +2 scimitar of flaming
              (9 damage)
             ... on level 6 of the Dungeon.
             The game lasted 00:19:48 (7932 turns).

Baz the Gusty (Vine Stalker Air Elementalist)       Turns: 7932, Time: 00:19:49

Health: 0/40       AC:  5    Str: 11    XL:     8   Next: 63%
Magic:  0/25       EV: 12    Int: 17    God:    Gozag
Gold:   461        SH:  0    Dex: 15    Spells: 1/16 levels left

rFire    . . .     SeeInvis .   u - +1 dagger (elec)
rCold    . . .     Faith    .   (no shield)
rNeg     . . .     Spirit   +   a - +0 robe
rPois    .         Reflect  .   e - +2 hat
rElec    .         Harm     .   (no cloak)
rCorr    .         Rampage  .   (no gloves)
Will     ++...                  i - +0 pair of boots
Stlth    ++........             (no amulet)
HPRegen  0.53/turn              d - ring of willpower
MPRegen  0.19/turn              y - ring of magical power

@: no status effects
A: fangs 3, regeneration 1, magic shield, antimagic bite, no potion heal 3
a: Renounce Religion, Potion Petition, Call Merchant, Bribe Branch


You were on level 6 of the Dungeon.
You worshipped Gozag.
Gozag was aware of your devotion.
You visited 1 branch of the dungeon, and saw 6 of its levels.

You collected 527 gold pieces.
You paid 66 gold pieces to Gozag.

Inventory:

Hand Weapons
 u - a +1 dagger of electrocution (weapon)
Armour
 a - a +0 robe (worn)
 e - a +2 hat (worn)
 i - a +0 pair of boots (worn)
Magical Staves
 t - an uncursed staff of conjuration
Jewellery
 d - a ring of willpower (left hand)
 y - a ring of magical power (right hand)
Wands
 v - a wand of mindburst (9)
 w - a wand of digging (6)
 x - a wand of iceblast (6)
Scrolls
 b - a scroll of fear {unknown}
 c - 5 scrolls of remove curse
 f - a scroll of amnesia {unknown}
 h - 2 scrolls of teleportation {unknown}
 k - a scroll of identify {unknown}
 l - a scroll of magic mapping {unknown}
 m - a scroll of immolation {unknown}
 n - 3 scrolls of blinking {unknown}
 p - 3 scrolls of enchant weapon {unknown}
Potions
 g - 2 potions of curing {unknown}
 j - 3 potions of flight {unknown}
 o - a potion of attraction {unknown}
 q - a potion of ambrosia {unknown}
 r - a potion of brilliance {unknown}
 s - a potion of lignification {unknown}


   Skills:
 + Level 3.5 Fighting
 - Level 1.5 Dodging
 - Level 3.3 Stealth
 + Level 4.9 Spellcasting
 * Level 3.5 Conjurations
 - Level 3.0 Translocations
 * Level 7.1 Air Magic


You had one spell level left.
You knew the following spells:

 Your Spells              Type           Power        Failure   Level
a - Shock                 Conj/Air       88%          1%          1
b - Swiftness             Air            28%          1%          2
c - Static Discharge      Conj/Air       22%          4%          3
d - Blink                 Tloc           N/A          6%          2
e - Mephitic Cloud        Conj/Pois/Air  16%          10%         3
f - Airstrike             Air            14%          8%          4

Your spell library contained the following spells:

 Spells                   Type           Power        Failure   Level
 Magic Dart               Conj           64%          3%          1
 Apportation              Tloc           28%          4%          1
 Animate Skeleton         Necr           8%           14%         1
 Corona                   Hex            4%           14%         1
 Summon Small Mammal      Summ           16%          14%         1
 Conjure Flame            Conj/Fire      10%          21%         3
 Dazzling Flash           Conj/Hex       20%          21%         3
 Call Imp                 Summ           4%           22%         2
 Ensorcelled Hibernation  Hex/Ice        8%           22%         2
 Slow                     Hex            4%           22%         2
 Confusing Touch          Hex            4%           41%         3
 Tukima's Dance           Hex            4%           41%         3
 Lightning Bolt           Conj/Air       11%          41%         5


Dungeon Overview and Level Annotations

Branches:
Dungeon (6/15)
 Temple: D:4-7

Altars:
Ashenzari
Gozag
Qazlal

Annotations:
D:4 1 runed translucent door, exclusion: downstairs, Crazy Yiuf
D:6 Maggie


Innate Abilities, Weirdness & Mutations

You have razor-sharp teeth.
Your natural rate of healing is unusually fast.
When hurt, damage is shared between your health and your magic reserves.
Your bite disrupts and absorbs the magic of your enemies.
Potions cannot restore your health.


Message History

The bolt of fire hits you!!
Ouch! That really hurt!
You hit Maggie but do no damage.
Maggie is severely wounded.
Maggie mumbles some strange words.
Maggie attempts to bespell you! You resist with almost no effort.
You hit Maggie but do no damage.
Maggie is severely wounded.
Maggie points at you and mumbles some strange words.
The bolt of fire misses you.
Unknown command.
You hit Maggie but do no damage.
Maggie is severely wounded.
Maggie closely misses you.
You barely miss Maggie.
Maggie is severely wounded.
Maggie hits you with a +2 scimitar of flaming!
* * * LOW HITPOINT WARNING * * *
Maggie burns you.
* * * LOW HITPOINT WARNING * * *
Unknown command.
Unknown command.
Casting: Mephitic Cloud (dangerous; 10% risk of failure)
Confirm with . or Enter, or press ? or * to list all spells.
You don't know that spell.
Okay, then.
Aiming: Iceblast
Press: ? - help, Shift-Dir - straight line, p - Maggie The mass of ice explodes!
The iceblast engulfs Maggie!
Maggie is almost dead.
Unknown command.
Unknown command.
Unknown command.
Aiming: Iceblast
Press: ? - help, Shift-Dir - straight line The mass of ice explodes!
The iceblast engulfs Maggie!
Maggie is almost dead.
Maggie hits you with a +2 scimitar of flaming!
You die...
Your body crumbles into a pile of gold.

^^..)§.(.......#...<........ ..
#...#.....##'###....)....... ..
....+.....#..[))......####.. ###
#...#.....#......)....#⌠.##+##.⌠#
#...#.....#...........#.........#
#...#.....#........####........##
#...#.....#........#...#.......#.
#...#...(.#...##...#...+..[_...+.
#...# #...##@..#...#.........
##### #.[....@..##.#.......##
#...# #...........#.........#
#...# #............⌠.##+.#.⌠#
#...# #........##.#.#....###.
#...# #...##...#.....#.......
#..<# #...##...#.....#...#...
....# #....#...'.....##+.#...
....# #....#...#.....o.......


You could see Maggie.

Vanquished Creatures
  A yak (D:5)
  Edmund (D:4)
  An orc warrior (D:6)
  3 ogres
  2 wights
  A bullfrog zombie (D:5)
  4 hounds
  A jelly (D:5)
  2 orc priests
  A gnoll shaman (D:6)
  Ijyb (D:5)
  An iguana (D:4)
  5 orc wizards
  5 gnolls
  10 adders
  2 white imps (D:6)
  An ooze (D:1)
  3 worms
  A leopard gecko (D:5)
  12 orcs
  8 bats
  4 giant cockroaches
  7 goblins
  5 hobgoblins
  4 jackals (D:6)
  3 quokkas
  A ball python (D:2)
  6 frilled lizards
  3 kobolds
  9 rats
108 creatures vanquished.

Notes
Turn   | Place    | Note
-------+----------+-------------------------------------------
     0 | D:1      | Baz the Vine Stalker Air Elementalist began the quest for
                  | the Orb.
     0 | D:1      | Reached XP level 1. HP: 9/9 MP: 4/4
   230 | D:1      | Reached XP level 2. HP: 13/13 MP: 3/6
   602 | D:1      | Learned a level 2 spell: Swiftness
   984 | D:1      | Reached XP level 3. HP: 16/16 MP: 5/7
  1184 | D:1      | Learned a level 3 spell: Static Discharge
  2171 | D:2      | Gained mutation: Your natural rate of healing is unusually
                  | fast. [Vine Stalker growth]
  2171 | D:2      | Reached XP level 4. HP: 21/21 MP: 4/9
  2309 | D:3      | Reached skill level 4 in Air Magic
  3058 | D:3      | Learned a level 2 spell: Blink
  3069 | D:3      | Reached XP level 5. HP: 25/25 MP: 3/10
  3740 | D:4      | Noticed Edmund
  3749 | D:4      | Reached skill level 1 in Fighting
  4308 | D:4      | Reached XP level 6. HP: 16/29 MP: 2/12
  4786 | D:4      | Found a runed translucent door.
  4787 | D:4      | Noticed Crazy Yiuf
  4844 | D:4      | Found an opulent altar of Gozag.
  4860 | D:4      | Reached skill level 5 in Air Magic
  5212 | D:4      | Became a worshipper of Gozag Ym Sagoz the Greedy
  5337 | D:5      | Entered Level 5 of the Dungeon
  5426 | D:3      | Learned a level 3 spell: Mephitic Cloud
  5480 | D:4      | Killed Edmund
  5481 | D:4      | Reached skill level 1 in Translocations
  5481 | D:4      | Reached XP level 7. HP: 25/35 MP: 10/13
  6305 | D:5      | Reached skill level 6 in Air Magic
  6310 | D:5      | Gained mutation: You have razor-sharp teeth. [Vine Stalker
                  | growth]
  6310 | D:5      | Reached XP level 8. HP: 34/39 MP: 1/15
  6526 | D:5      | Found an opulent altar of Gozag.
  6615 | D:5      | Noticed Ijyb
  6720 | D:5      | Killed Ijyb
  6911 | D:5      | Noticed a yak
  6920 | D:5      | Killed a yak
  7291 | D:6      | Found a stormy altar of Qazlal.
  7600 | D:6      | Found a broken altar of Ashenzari.
  7697 | D:6      | Learned a level 4 spell: Airstrike
  7752 | D:6      | Reached skill level 7 in Air Magic
  7906 | D:6      | Noticed Maggie
  7932 | D:6      | Slain by Maggie

Illustrated notes

Levels and vault maps discovered:
D:1:      co_arrival_square_in_a_square_in_a_square, layout_basic
D:2:      cheibrodos_pilgrimage, layout_basic, kennysheep_generic_room_7
D:3:      layout_loops_ring, nrook_uturn
D:4:      layout_cave_pods, nicolae_gozag_cash_rules_everything_around_me,
          uniq_crazy_yiuf_cottage, uniq_edmund
D:5:      layout_gridville, basic_altar, st_stairs_8, minmay_small_thing,
          uniq_ijyb
D:6:      layout_gridville, evilmike_ruin_ashenzari, serial_shops,
          nicolae_shop_waterfront, basic_altar, grunt_qazlal_sundering,
          uniq_grinder, uniq_maggie

Skill      XL: |  1  2  3  4  5  6  7  8 |
---------------+-------------------------+-----
Stealth        | 3 |  3.3
Air Magic      | 4 5 6 7 |  7.1
Conjurations   | 2 3 |  3.5
Spellcasting   | 3 4 |  4.9
Fighting       | 1 2 3 |  3.5
Translocations | 1 2 3 |  3.0
Dodging        | |  1.5

Action                   |  1- 3 |  4- 6 |  7- 9 || total
-------------------------+-------+-------+-------++-------
Melee: Unarmed           |     8 |       |       ||     8
       Bite              |     1 |     1 |     7 ||     9
       Dagger            |       |     9 |    37 ||    46
 Cast: Shock             |    75 |   129 |    92 ||   296
       Static Discharge  |       |     2 |     9 ||    11
       Blink             |       |     1 |     1 ||     2
       Mephitic Cloud    |       |     1 |     8 ||     9
       Airstrike         |       |       |     2 ||     2
Evoke: Wand              |       |       |     2 ||     2
  Use: Scroll            |       |     1 |       ||     1
 Stab: Confused          |       |     2 |     2 ||     4
Armor: Robe              |     6 |    11 |    19 ||    36
Dodge: Dodged            |     9 |    24 |    51 ||    84

Table legend: (Time is in decaauts)
 A = Elapsed time spent in this place.
 B = Non-inter-level travel time spent in this place.
 C = Inter-level travel time spent in this place.
 D = Time resting spent in this place.
 E = Time spent auto-exploring this place.
 F = Levels seen in this place.
 G = Mean time per level.
                   A        B        C        D        E       F      G
               +--------+--------+--------+--------+--------+-----+--------+
         Total |   7942 |   7430 |    512 |   2294 |   3603 |   6 | 1323.7 |
       Dungeon |   7942 |   7430 |    512 |   2294 |   3603 |   6 | 1323.7 |
               +--------+--------+--------+--------+--------+-----+--------+

Top non-repeatable levels by time:
     D:4: 2054 daAuts
     D:3: 1624 daAuts
     D:1: 1426 daAuts
     D:5: 1324 daAuts
     D:2: 891 daAuts
     D:6: 621 daAuts
